 Dungeon Crawl Stone Soup version 0.32-a0-675-gdc239d62e1 (webtiles) character file.

Game seed: 12941308745226146475

11585 jasper the Grappler (level 11, -3/107 HPs)
             Began as a Troll Fighter on Mar 11, 2024.
             Was the Champion of Jiyva.
             Slain by a scorpion (4 damage)
             ... summoned by Amaemon
             ... on level 2 of the Lair of Beasts.
             The game lasted 00:14:22 (6847 turns).

jasper the Grappler (Troll Fighter)                 Turns: 6847, Time: 00:14:22

Health: -3/107     AC:  6    Str: 26    XL:     11   Next: 51%
Magic:  10/10      EV:  9    Int: 14    God:    Jiyva [******]
Gold:   282        SH: 11    Dex: 13    Spells: 10/10 levels left

rFire   + .          .
                       - Unarmed
rCold   + . .        b - +1 kite shield
rNeg    . . .        F - melded +2 robe {Will+}
rPois   .            (helmet restricted)
rElec   .            (no cloak)
rCorr   +            (gloves unavailable)
SInv    .            (boots unavailable)
Will    .....        (no amulet)
Stlth   ++++         k - ring of protection from fire
HPRegen 2.77/turn    A - ring of protection from cold
MPRegen 0.92/turn

%: no passive effects
@: lethally poisoned (-3 -> -64), maw-form, slowed, very slow
A: devouring maw, large, unfitting armour, claws 3, regeneration 1, shaggy fur
1, tough skin 1, iridescent scales 2, thin skeletal structure 3, clever 2, jelly
sensing items
a: Begin Untransformation, Renounce Religion, Oozemancy, Slimify


You were on level 2 of the Lair of Beasts.
You worshipped Jiyva.
Jiyva was exalted by your worship.
You were a creature with a mouth for a stomach.
You visited 2 branches of the dungeon, and saw 12 of its levels.
You also visited: Ossuary.

You collected 507 gold pieces.
You spent 225 gold pieces at shops.

Inventory:

Missiles
 e - 2 throwing nets
 h - 6 javelins
 m - 10 poisoned darts (quivered)
 n - 56 stones
 o - 8 large rocks
 t - 9 boomerangs
Armour
 a - a +0 robe
 b - a +1 kite shield (worn)
 F - a +2 robe of willpower (melded)
 H - +0 steam dragon scales
 I - +0 acid dragon scales
Jewellery
 k - a ring of protection from fire (left claw)
 A - a ring of protection from cold (right claw)
 E - an amulet of magic regeneration
Talismans
 q - a beast talisman
 B - a maw talisman (active)
Wands
 D - a wand of paralysis (7)
 G - a wand of flame (9)
Scrolls
 d - a scroll of poison
 f - 7 scrolls of teleportation
 g - 2 scrolls of brand weapon
 j - 2 scrolls of enchant weapon
 u - 2 scrolls of enchant armour
 y - a scroll of immolation
Potions
 c - a potion of might
 i - a potion of lignification {unknown}
 l - 3 potions of curing
 p - 2 potions of ambrosia {unknown}
 r - 3 potions of magic
 s - 2 potions of heal wounds {unknown}
 v - a potion of cancellation {unknown}
 w - a potion of degeneration {unknown}
 x - 2 potions of attraction {unknown}
 z - a potion of brilliance {unknown}
 C - a potion of mutation {unknown}


   Skills:
 + Level 6.7 Fighting
 - Level 2.4 Dodging
 + Level 7.4 Shields
 * Level 10.9 Unarmed Combat
 - Level 10.0 Shapeshifting


You had 10 spell levels left.
You didn't know any spells.
Your spell library contained the following spells:

 Spells                   Type           Power      Damage    Failure   Level
 Call Imp                 Summ           0%         N/A       61%         2
 Sublimation of Blood     Necr           0%         N/A       61%         2
 Dazzling Flash           Conj/Hex       0%         N/A       83%         3
 Hailstorm                Conj/Ice       0%         3d5       83%         3
 Summon Ice Beast         Ice/Summ       0%         N/A       83%         3
 Volatile Blastmotes      Fire/Tloc      0%         2d10      83%         3
 Summon Mana Viper        Hex/Summ       0%         N/A       100%        5
 Eringya's Noxious Bog    Alch           0%         4d6       100%        6
 Starburst                Conj/Fire      0%         6d3       100%        6
 Monstrous Menagerie      Summ           0%         N/A       100%        7
 Ozocubu's Refrigeration  Ice            0%         4d7       100%        7
 Summon Hydra             Summ           0%         N/A       100%        7
 Maxwell's Capacitive Co  Air            0%         ∞         100%        8


Dungeon Overview and Level Annotations

Branches:
Dungeon (10/15)            Temple (0/1) D:5            Lair (2/5) D:10
 Spider (0/4) Lair:2          Orc (0/2) D:9         Ossuary (visited)
  Swamp: Lair:2-3    Shoals: Lair:2-3

Altars:
Elyvilon
Gozag
Okawaru
Sif Muna
Wu Jian
Xom
Yredelemnul
Beogh
Jiyva

Shops:
D:5 (

Annotations:
Lair:2 Amaemon


Innate Abilities, Weirdness & Mutations

You are a creature with a mouth for a stomach.
Your midsection houses a second, enormous mouth.
You are too large for most types of armour.
You have claws for hands.
Your natural rate of healing is unusually fast.
You are covered in fur. (AC +1)
You have tough skin. (AC +1)
You are mostly covered in iridescent scales. (AC +4)
You have an unnaturally thin skeletal structure. (Dex +6, Stealth+++)
Your mind is very acute. (Int +8, Str/Dex -2)
You have a small jelly attached to you that senses nearby items.


Message History

Amaemon casts a spell at the scorpion.
The scorpion's venom grows more potent.
The scorpion stings you but does no damage.
You block the yak's attack. You block the orange demon's attack.
You claw Amaemon! You bite Amaemon.
Amaemon is heavily wounded.
You feel very sick. You block the scorpion's attack.
Amaemon hits you with a +1 demon whip of venom!
You are more poisoned.
Amaemon claws you!
Amaemon tail-slaps you but does no damage.
The scorpion stings you.
You are more poisoned.
You have difficulty breathing.
You feel yourself slow down. The yak gores you.
The scorpion closely misses you.
You take 32 damage, and have 43/107 hp.
MASSIVE DAMAGE!!
You claw Amaemon! Your bite misses Amaemon.
Amaemon is severely wounded.
You feel extremely sick. You block the scorpion's attack.
The scorpion stings you.
* * * LOW HITPOINT WARNING * * *
The orange demon stings you from afar.
* * * LOW HITPOINT WARNING * * *
You are lethally poisoned!
You have difficulty breathing.
* * * LOW HITPOINT WARNING * * *
You feel as though you will be slow longer.
Amaemon hits you with a +1 demon whip of venom!
* * * LOW HITPOINT WARNING * * *
You are more poisoned.
Amaemon claws you.
* * * LOW HITPOINT WARNING * * *
Amaemon tail-slaps you.
* * * LOW HITPOINT WARNING * * *
You block the scorpion's attack. The yak barely misses you.
The orange demon stings you but does no damage.
You block the scorpion's attack. The scorpion stings you.
You die...
Jiyva sends a jelly to digest your remains.

.....##.#.# ..#.##
.....##^^^##^^...# ..
....##..^#^..##..### ..#
....#......#....##.##..#....
........<.P.##.......##......
.
.....................#...ß...
#
....#..............##.......
#
...#...........ss6........##
...####P####.###W##..ß...#.##
..## ### #..ßs#YY..........
.## #.....#4.......... ..#
#ß.<....ß.>.ß..ß.. ...
#................. ...
##.ß.##........... ..
#.####...ß...##.# #..#
#.........## ....#
####...6...


You could see Amaemon, an orange demon (curare), 2 yaks and 3 scorpions.

Vanquished Creatures
  A cane toad (Lair:2)
  A hornet (D:9)
  7 dream sheep (Lair:2)
  2 wyverns (Lair:2)
  A wraith (D:8)
  A shadow (D:10)
  17 yaks
  A basilisk (Lair:2)
  2 steam dragons
  2 water moccasins (Lair:2)
  5 orc warriors (D:9)
  3 black bears
  3 sky beasts
  5 centaurs
  An ogre (D:9)
  2 phantoms
  4 bullfrogs
  4 scorpions
  A gnoll sergeant (D:7)
  3 wights (D:8)
  10 killer bees (D:9)
  A howler monkey (D:6)
  4 electric eels (D:7)
  A centaur zombie (D:4)
  2 bombardier beetles (D:5)
  4 gnoll boudas
  4 hounds
  A bullfrog zombie (D:4)
  5 orc priests
  5 scorpion zombies (D:4)
  5 iguanas
  10 orc wizards
  Natasha (thrice) (D:4)
  5 ogre zombies (Ossuary)
  7 mummies (Ossuary)
  A howler monkey zombie (D:4)
  12 gnolls
  9 adders
  A howler monkey skeleton (D:4)
  An adder skeleton (D:4)
  4 adder zombies (Ossuary)
  2 dart slugs
  5 ribbon worms
  54 orcs
  3 bats (D:2)
  6 endoplasms
  3 giant cockroaches
  7 goblins
  7 hobgoblins
  5 jackals
  13 kobolds
  5 quokkas
  A training dummy (D:5)
  9 ball pythons
  3 frilled lizards
  8 goblin zombies (Ossuary)
  6 hobgoblin zombies (Ossuary)
  A kobold zombie (Ossuary)
  An orc zombie (Ossuary)
  A quokka zombie (Ossuary)
  5 rats
  4 rat zombies (Ossuary)
310 creatures vanquished.

Vanquished Creatures (collateral kills)
  2 two-headed ogres
  A wraith (D:10)
  3 yaks (D:10)
  A black bear (D:10)
  A bullfrog (D:10)
  A scorpion (D:10)
9 creatures vanquished.

Vanquished Creatures (others)
  A bullfrog (D:7)
  16 jellies
  A bombardier beetle (D:7)
  2 hounds (D:7)
  A gnoll bouda (D:7)
  A scorpion zombie (D:4)
  A sleepcap (D:7)
  6 gnolls
  An adder (D:6)
  2 orcs
  A giant cockroach (D:4)
  A quokka (D:4)
  2 training dummies (D:5)
  A jackal skeleton (D:4)
37 creatures vanquished.

Grand Total: 356 creatures vanquished

Notes
Turn   | Place    | Note
-------+----------+-------------------------------------------
     0 | D:1      | jasper the Troll Fighter began the quest for the Orb.
     0 | D:1      | Reached XP level 1. HP: 22/22 MP: 0/0
    82 | D:1      | Reached XP level 2. HP: 29/29 MP: 1/1
   819 | D:1      | Reached XP level 3. HP: 36/36 MP: 2/2
  1105 | D:2      | Identified the +2 pair of gloves of a Gauntlet {rC++}
  1253 | D:2      | Reached XP level 4. HP: 38/44 MP: 3/3
  1953 | D:3      | Found a faded altar of an unknown god.
  1958 | D:3      | Prayed at the altar of an unknown god.
  1958 | D:3      | Became a worshipper of Jiyva Juemiog the Shapeless
  1958 | D:3      | Reached * piety under Jiyva
  2169 | D:4      | Noticed a scorpion
  2192 | D:4      | Reached XP level 5. HP: 50/53 MP: 4/4
  2227 | D:4      | Reached XP level 6. HP: 61/61 MP: 5/5
  2273 | D:4      | Reached skill level 5 in Unarmed Combat
  2293 | D:4      | Got the Compilation of Chilblains and Melanosis
  2318 | D:4      | Noticed Natasha
  2321 | D:4      | Reached ** piety under Jiyva
  2323 | D:4      | Killed Natasha
  2367 | D:4      | Reached skill level 1 in Shapeshifting
  2375 | D:4      | Reached XP level 7. HP: 66/68 MP: 6/6
  2474 | D:4      | Noticed Natasha
  2479 | D:4      | Killed Natasha
  2499 | D:4      | Noticed Natasha
  2506 | D:4      | Killed Natasha
  2747 | D:5      | Entered Level 5 of the Dungeon
  2833 | D:5      | Found a staircase to the Ecumenical Temple.
  2897 | D:5      | Reached skill level 5 in Shapeshifting
  2925 | D:5      | Reached XP level 8. HP: 76/78 MP: 7/7
  3005 | D:5      | Reached *** piety under Jiyva
  3019 | D:5      | Found Quischa's Firing Range.
  3054 | D:5      | Bought 3 large rocks for 45 gold pieces
  3054 | D:5      | Bought 3 javelins for 90 gold pieces
  3054 | D:5      | Bought 3 javelins for 90 gold pieces
  3431 | D:6      | Found an iron altar of Okawaru.
  3481 | D:6      | Reached **** piety under Jiyva
  3831 | D:7      | Found a sand-covered staircase.
  3841 | Ossuary  | Entered an ossuary
  3841 | Ossuary  | Gained mutation: Your mind is acute. (Int +4, Str/Dex -1)
                  | [Jiyva's grace]
  3841 | Ossuary  | Gained mutation: Your mind is very acute. (Int +8, Str/Dex
                  | -2) [Jiyva's grace]
  3841 | Ossuary  | Gained mutation: You are partially covered in iridescent
                  | scales. (AC +2) [Jiyva's grace]
  3841 | Ossuary  | Gained mutation: You are mostly covered in iridescent
                  | scales. (AC +4) [Jiyva's grace]
  4272 | D:7      | Reached XP level 9. HP: 22/85 MP: 8/8
  4348 | D:7      | Reached ***** piety under Jiyva
  4387 | D:7      | Found an opulent altar of Gozag.
  4388 | D:7      | Found a basalt altar of Yredelemnul.
  4409 | D:7      | Reached skill level 5 in Shields
  4714 | D:7      | Found a white marble altar of Elyvilon.
  4714 | D:7      | Found an ornate altar of the Wu Jian Council.
  5080 | D:8      | Noticed a two-headed ogre
  5105 | D:8      | Killed a two-headed ogre
  5393 | D:8      | Found a shimmering altar of Xom.
  5396 | D:8      | Found a shimmering blue altar of Sif Muna.
  5574 | D:9      | Reached XP level 10. HP: 84/93 MP: 9/9
  5831 | D:9      | Reached skill level 10 in Shapeshifting
  5838 | D:9      | Reached skill level 5 in Fighting
  5851 | D:9      | Found a staircase to the Orcish Mines.
  6019 | D:9      | Found a roughly hewn altar of Beogh.
  6352 | D:9      | Reached ****** piety under Jiyva
  6607 | D:10     | Entered Level 10 of the Dungeon
  6607 | D:10     | Found a staircase to the Lair.
  6609 | D:10     | Noticed a two-headed ogre
  6636 | D:10     | Killed a two-headed ogre
  6655 | D:10     | Gained mutation: You have a small jelly attached to you
                  | that senses nearby items. [Jiyva's grace]
  6655 | D:10     | Gained mutation: You have a somewhat thin skeletal
                  | structure. (Dex +2, Stealth+) [Jiyva's grace]
  6655 | D:10     | Gained mutation: You have a moderately thin skeletal
                  | structure. (Dex +4, Stealth++) [Jiyva's grace]
  6655 | D:10     | Gained mutation: You have an unnaturally thin skeletal
                  | structure. (Dex +6, Stealth+++) [Jiyva's grace]
  6662 | Lair:1   | Entered Level 1 of the Lair of Beasts
  6681 | Lair:1   | Noticed a black mamba
  6690 | Lair:2   | Reached XP level 11. HP: 105/105 MP: 10/10
  6742 | Lair:2   | Reached skill level 10 in Unarmed Combat
  6802 | Lair:2   | Found a hole to the Spider Nest.
  6823 | Lair:2   | Noticed Amaemon
  6847 | Lair:2   | HP: 4/107 [Amaemon/+1 demon whip of venom (5)]
  6847 | Lair:2   | HP: 1/107 [Amaemon/+1 demon whip of venom (3)]
  6847 | Lair:2   | Slain by a scorpion

Illustrated notes

Levels and vault maps discovered:
D:1:      co_arrival_square_in_a_square_in_a_square, layout_basic
D:2:      layout_basic, dreamdust_princess_bridge, grunt_ministairs_15,
          minmay_increasing_density
D:3:      layout_rooms, ebering_ecumenical_altar_petrified
D:4:      layout_rooms, serial_undead, serial_undead_e, serial_undead_c,
          serial_undead_d, serial_undead_b, serial_undead_a, serial_undead_f,
          uniq_natasha
D:5:      layout_gridville, minmay_temple_entry_overgrown,
          nicolae_shop_firing_range
D:6:      layout_basic, okawaru_altar_gauntlet_db
D:7:      layout_cave_pools, nicolae_overflow_hidden_temple, serial_gnoll_camp,
          gnoll_camp_mini_loothouse, gnoll_camp_mini_house, gnoll_camp_mini_hut,
          gnoll_camp_medium_01, gnoll_camp_mini_house, enter_ossuary_2,
          minmay_misc_feat_alley, serial_bayou_lagoon_b
D:8:      layout_rooms, jmf_multi_god_temple2
D:9:      layout_loops_cross, david_orc_2, special_room [special_room_orc]
D:10:     hangedman_cross_veins, layout_basic, due_lair_maze_entry_diamond
Lair:1:   layout_regular_city, hangedman_lair_unloving_vines,
          infiniplex_staircase_pool
Lair:2:   layout_gridlike, spider_nest_entry_rubble, beast_lair_carwin_4,
          grunt_megastairs_3, uniq_amaemon

Skill      XL: |  1  2  3  4  5  6  7  8  9 10 11 |
---------------+----------------------------------+-----
Shields        | 3 4 5 6 7 |  7.4
Unarmed Combat | 3 4 5 6 7 9 10 | 10.9
Fighting       | 3 4 6 |  6.7
Shapeshifting  | 2 5 7 9 10 | 10.0
Dodging        | |  2.4

Action                     |  1- 3 |  4- 6 |  7- 9 | 10-12 || total
---------------------------+-------+-------+-------+-------++-------
  Melee: Unarmed           |   111 |   164 |   390 |   244 ||   909
         Maw               |       |       |       |    60 ||    60
    Use: Scroll            |       |       |    15 |     2 ||    17
         Potion            |       |       |     3 |     2 ||     5
   Stab: Sleeping          |     1 |       |       |       ||     1
         Invisible         |       |       |     1 |       ||     1
 Armour: Robe              |    56 |   105 |   284 |    21 ||   466
         Skin              |       |       |       |   140 ||   140
  Dodge: Dodged            |    25 |    45 |   120 |    79 ||   269
  Block: Kite shield       |    33 |    69 |   168 |   117 ||   387
   Form: Beast             |       |       |     1 |       ||     1
         Maw               |       |       |       |     1 ||     1

Table legend: (Time is in decaauts)
 A = Elapsed time spent in this place.
 B = Non-inter-level travel time spent in this place.
 C = Inter-level travel time spent in this place.
 D = Time resting spent in this place.
 E = Time spent auto-exploring this place.
 F = Levels seen in this place.
 G = Mean time per level.
                   A        B        C        D        E       F      G
               +--------+--------+--------+--------+--------+-----+--------+
         Total |   6857 |   6490 |    367 |    289 |   4102 |  13 |  527.5 |
       Dungeon |   6304 |   5937 |    367 |    289 |   3901 |  10 |  630.4 |
          Lair |    162 |    162 |      0 |      0 |     21 |   2 |   81.0 |
       Ossuary |    390 |    390 |      0 |      0 |    180 |   1 |  390.0 |
               +--------+--------+--------+--------+--------+-----+--------+

Top non-repeatable levels by time:
     D:9: 1055 daAuts
     D:2: 929 daAuts
     D:1: 898 daAuts
     D:7: 821 daAuts
     D:4: 595 daAuts
     D:5: 554 daAuts
     D:6: 524 daAuts
     D:8: 520 daAuts
 Ossuary: 390 daAuts
     D:3: 337 daAuts
  Lair:2: 153 daAuts
    D:10: 67 daAuts
  Lair:1: 9 daAuts
